 Dungeon Crawl Stone Soup version 0.24.0-10-g970556be89 (webtiles) character file.

Game seed: 12066859904071417907, levelgen mode: deterministic

373 flestrin the Conjurer (level 6, 0/32 HPs)
             Began as a Deep Elf Conjurer on Nov 3, 2019.
             Killed by divine providence
             ... invoked by an orc priest
              (9 damage)
             ... on level 3 of the Dungeon.
             The game lasted 00:11:04 (3819 turns).

flestrin the Conjurer (Deep Elf Conjurer)           Turns: 3819, Time: 00:11:05

Health: 0/32       AC:  3    Str:  5    XL:     6   Next: 43%
Magic:  13/16      EV: 13    Int: 28    God:
Gold:   136        SH:  0    Dex: 15    Spells: 2/16 levels left

rFire    . . .     SeeInvis .   e - +0 dagger
rCold    . . .     Gourm    .   (no shield)
rNeg     . . .     Faith    .   a - +0 robe
rPois    .         Spirit   .   (no helmet)
rElec    .         Reflect  .   (no cloak)
rCorr    .         Harm     .   r - +0 pair of gloves (curse)
MR       .....                  (no boots)
Stlth    ++........             (no amulet)
HPRegen  0.10/turn              j - +6 ring of intelligence
MPRegen  0.15/turn              (no ring)

@: no status effects
A: no striking features
a: no special abilities


You were on level 3 of the Dungeon.
You were not hungry.

You visited 1 branch of the dungeon, and saw 4 of its levels.

You collected 136 gold pieces.

Inventory:

Hand Weapons
 e - a +0 dagger (weapon)
Armour
 a - a +0 robe (worn)
 r - a cursed +0 pair of gloves (worn)
Jewellery
 j - a +6 ring of intelligence (left hand)
Scrolls
 b - 3 scrolls of enchant armour {unknown}
 d - 9 scrolls of identify {unknown}
 f - 2 scrolls of fog {unknown}
 i - a scroll of blinking {unknown}
 l - 3 scrolls of remove curse {unknown}
 q - a scroll of teleportation {unknown}
Potions
 g - a potion of curing {unknown}
 k - 3 potions of might {unknown}
 m - a potion of cancellation {unknown}
 n - a potion of flight {unknown}
 o - a potion of lignification {unknown}
 p - 2 potions of heal wounds {unknown}
 s - a potion of degeneration {unknown}
Comestibles
 c - 10 rations
 h - 2 chunks of flesh


   Skills:
 - Level 2.4 Dodging
 - Level 2.4 Stealth
 + Level 5.7 Spellcasting
 * Level 7.5 Conjurations


You had 2 spell levels left.
You knew the following spells:

 Your Spells              Type           Power        Failure   Level  Hunger
a - Magic Dart            Conj           ####         1%          1    None
b - Searing Ray           Conj           ######       1%          2    None
c - Dazzling Spray        Conj/Hex       ####..       4%          3    None
d - Force Lance           Conj/Tloc      ####....     13%         4    ###....
e - Fulminant Prism       Conj/Hex       ####......   13%         4    ###....

Your spell library contained the following spells:

 Spells                   Type           Power        Failure   Level  Hunger
 Iskenderun's Mystic Bla  Conj           ######..     2%          4    ###....


Dungeon Overview and Level Annotations

Branches:
Dungeon (4/15)
 Temple: D:4-7

Altars:
Ashenzari
Nemelex Xobeh


Message History

The orc priest calls down the wrath of Beogh upon you.
Beogh smites you! The worker ant bites you.
Things that are here:
a +0 robe; a +0 dagger The worker ant bites you.
Casting: Searing Ray (safe; 1% risk of failure)
Confirm with . or Enter, or press ? or * to list all spells.
Aiming: Searing Ray (safe; 1% risk of failure)
Press: ? - help, Shift-Dir - straight line, f - worker ant
Aim: a worker ant The searing ray hits the worker ant.
The worker ant is moderately wounded. (Press . to maintain the ray.)
The worker ant bites you.
* * * LOW HITPOINT WARNING * * *
The searing ray hits the worker ant!
You kill the worker ant!
The orc priest invokes the aid of Beogh against you.
Beogh smites you!
You die...

..# #.#.#.#.##########.##.#....#
########.#..............##.#.#..#
.#...###.#.###########..##.#.##.#
#.#####..............#..##.#.##.#
##.## #..#.....#####.#.....#.##.#
#...# #..#.#########.#.#####.##.#
##..###...........o>............#
#####...###########o#.#####.##.#
#### #..........@.o..............
...# #....##########.#.#..#..##.#
..## #....# #.#.#..#..##.# ...#
#....# #.#.##.#...... ..##
#....##########.#.##.##.#..#
.#####...รท...........#.#.........
###......#############.###.#.####
#.###........[.......# #.#.....
#.# #.################ #.######


You could see 2 orc priests.

Vanquished Creatures
  A vampire bat (D:3)
  A hound (D:3)
  A jelly (D:3)
  An orc wizard (D:3)
  2 worker ants (D:3)
  4 adders
  An ooze (D:3)
  2 worms
  A dart slug (D:3)
  3 fire bats (D:3)
  A leopard gecko (D:1)
  5 orcs
  2 spectral bats (D:3)
  3 bat skeletons (D:3)
  A bat zombie (D:3)
  10 goblins
  10 hobgoblins
  3 jackals (D:3)
  A quokka (D:2)
  A ball python (D:3)
  19 bats
  A bat simulacrum (D:3)
  2 frilled lizards
  2 kobolds
  11 rats
89 creatures vanquished.

Notes
Turn   | Place    | Note
-------+----------+-------------------------------------------
     0 | D:1      | flestrin the Deep Elf Conjurer began the quest for the Orb.
     0 | D:1      | Reached XP level 1. HP: 10/10 MP: 6/6
   208 | D:1      | Reached XP level 2. HP: 12/15 MP: 5/8
   213 | D:1      | Learned a level 2 spell: Searing Ray
   901 | D:2      | Found a faded altar of an unknown god.
   952 | D:2      | Reached skill level 5 in Conjurations
  1099 | D:2      | Found a sparkling altar of Nemelex Xobeh.
  1237 | D:2      | Reached XP level 3. HP: 19/19 MP: 10/10
  1248 | D:2      | Learned a level 3 spell: Dazzling Spray
  1663 | D:2      | You fall into a shaft and drop 2 floors!
  1708 | D:3      | Reached XP level 4. HP: 20/24 MP: 8/12
  1820 | D:3      | Reached skill level 6 in Conjurations
  1927 | D:3      | Reached XP level 5. HP: 28/28 MP: 10/14
  1987 | D:3      | Found a shattered altar of Ashenzari.
  2579 | D:3      | Reached skill level 5 in Spellcasting
  2784 | D:3      | Reached skill level 7 in Conjurations
  2784 | D:3      | Reached XP level 6. HP: 22/32 MP: 11/16
  2795 | D:3      | Learned a level 4 spell: Force Lance
  2800 | D:3      | Learned a level 4 spell: Fulminant Prism
  3819 | D:3      | Killed from afar by an orc priest

Levels and vault maps discovered:
D:1:      evilmike_arrival_run_for_it, layout_loops_ring
D:2:      layout_loops_cross, old_standard_altar,
          chequers_ecumenical_altar_simple, guppyfry_early_orc_mine
D:3:      layout_basic, cheibrodos_ashenzari_chains, first_ration,
          small_statue_intersection, goddamned_bats
D:4:      layout_basic, uniq_ijyb, uniq_edmund

Skill      XL: |  1  2  3  4  5 |
---------------+----------------+-----
Conjurations   | 5 6 7 |  7.5
Spellcasting   | 4 5 |  5.7
Dodging        | |  2.4
Stealth        | |  2.4

Action                   |  1- 3 |  4- 6 || total
-------------------------+-------+-------++-------
Melee: Dagger            |    11 |     1 ||    12
 Cast: Magic Dart        |    35 |    65 ||   100
       Searing Ray       |     8 |    11 ||    19
 Stab: Sleeping          |     8 |       ||     8
  Eat: Chunk             |     2 |     7 ||     9
Armor: Robe              |     1 |    26 ||    27
Dodge: Dodged            |    16 |    39 ||    55
